 Dungeon Crawl Stone Soup version 0.31-a0-202-g547052bce9 (webtiles) character file.

Game seed: 13044522002128114760

62 qw the Shooter (level 3, -3/20 HPs)
             Began as a Deep Elf Hunter on June 26, 2023.
             Slain by Robin
             ... wielding a +5 club
              (6 damage)
             ... on level 3 of the Dungeon.
             The game lasted 00:00:30 (1870 turns).

qw the Shooter (Deep Elf Hunter)                    Turns: 1870, Time: 00:00:31

Health: -3/20      AC:  5    Str: 10    XL:     3   Next: 85%
Magic:  5/5        EV: 11    Int: 13    God:
Gold:   94         SH:  0    Dex: 18    Spells: 2/2 levels left

rFire   . . .        Y - +0 shortbow
rCold   . . .        (shield currently unavailable)
rNeg    . . .        e - +0 ring mail
rPois   .            (no helmet)
rElec   .            (no cloak)
rCorr   .            (no gloves)
SInv    .            (no boots)
Will    .....        (no amulet)
Stlth   +            (no ring)
HPRegen 0.23/turn    (no ring)
MPRegen 0.09/turn

%: no passive effects
@: no status effects
A: no striking features
a: no special abilities


You were on level 3 of the Dungeon.
You visited 1 branch of the dungeon, and saw 3 of its levels.

You collected 94 gold pieces.


   Skills:
 - Level 1.5 Fighting
 + Level 7.3 Ranged Weapons
 - Level 2.4 Dodging
 - Level 1.2 Stealth


You had 2 spell levels left.
You didn't know any spells.
Your spell library was empty.

Inventory:

Hand Weapons
 Y - a +0 shortbow (weapon)
Armour
 e - a +0 ring mail (worn)
Jewellery
 d - a ring of fire
Scrolls
 a - a scroll of identify

Dungeon Overview and Level Annotations

Branches:
Dungeon (3/15)

Altars:

Annotations:
D:1 1 runed translucent door
D:3 Robin


Message History

You shoot an arrow. The arrow barely misses the goblin.
The hobgoblin hits you. The goblin hits you but does no damage.
You shoot an arrow. The arrow hits the goblin.
You kill the goblin!
The hobgoblin closely misses you.
A goblin comes into view. It is wielding a +0 dagger.
The hobgoblin hits you.
The goblin moves out of view.
You shoot an arrow. The arrow hits the hobgoblin.
The hobgoblin is almost dead.
You shoot an arrow. The arrow hits the hobgoblin.
You kill the hobgoblin!
The hobgoblin barely misses you.
You shoot an arrow. The arrow barely misses the hobgoblin.
The hobgoblin hits you but does no damage.
A hobgoblin comes into view.
You shoot an arrow.
The arrow hits the hobgoblin but does no damage.
The hobgoblin hits you.
You shoot an arrow. The arrow hits the hobgoblin.
The hobgoblin is heavily wounded.
The hobgoblin barely misses you. Robin throws the goblin at you!
The goblin barely misses you.
You shoot an arrow. The arrow hits the hobgoblin!
You kill the hobgoblin!
The goblin hits you with a +0 dagger. Robin throws the goblin at you!
You shoot an arrow. The arrow barely misses Robin.
The goblin no longer looks unusually strong.
The goblin barely misses you. The goblin hits you but does no damage.
Robin throws the goblin at you!
You shoot an arrow.
The arrow hits Robin but does no damage.
The hobgoblin no longer looks unusually strong.
The goblin hits you but does no damage. The goblin barely misses you.
The goblin closely misses you.
Robin roars a battlecry!
The goblins go into a battle-frenzy!
You shoot an arrow. The arrow closely misses Robin.
The goblin hits you but does no damage. The goblin hits you with a +0 dagger.
The goblin closely misses you. Robin hits you with a +5 club.
You die...

############
###...gg......
#....g@)###
######.#.###g#
#....<...# g#
#>####.### g#
#.# g# #.# ..
#.# .% #.# ..
#.#


You could see Robin, 3 hobgoblins and 3 goblins.

Vanquished Creatures
  An adder (D:2)
  A worm (D:2)
  A dart slug (D:1)
  3 orcs (D:2)
  3 endoplasms
  3 giant cockroaches
  6 goblins
  3 hobgoblins (D:3)
  4 jackals (D:1)
  2 quokkas (D:1)
  7 ball pythons
  2 bats
  2 frilled lizards
  A kobold (D:1)
  3 rats
42 creatures vanquished.

Notes
Turn   | Place    | Note
-------+----------+-------------------------------------------
     0 | D:1      | qw the Deep Elf Hunter began the quest for the Orb.
     0 | D:1      | Reached XP level 1. HP: 12/12 MP: 3/3
     0 | D:1      | Noticed a jelly
     0 | D:1      | 0 ||| qw: Version: 0.3-a-22-g0ed2b0b
     0 | D:1      | 0 ||| qw: Game counter: 6186
     0 | D:1      | 0 ||| qw: Melee chars always use a shield: true
     0 | D:1      | 0 ||| qw: God list: Okawaru
     0 | D:1      | 0 ||| qw: Allow faded altars: false
     0 | D:1      | 0 ||| qw: Do Orc after clearing Dungeon:15 true
     0 | D:1      | 0 ||| qw: Do second Lair branch before Depths: true
     0 | D:1      | 0 ||| qw: Lair rune preference: random
     0 | D:1      | 0 ||| qw: Goals: Normal
     0 | D:1      | 0 ||| PLANNING D:1-11
     1 | D:1      | Found a runed translucent door.
   180 | D:1      | Reached XP level 2. HP: 16/16 MP: 4/4
   182 | D:1      | Reached skill level 6 in Ranged Weapons
   940 | D:1      | 940 ||| READING scroll labelled TAEGIN TOVA.
   941 | D:1      | 941 ||| DROPPING scroll of butterflies.
  1003 | D:2      | Reached XP level 3. HP: 12/20 MP: 5/5
  1305 | D:2      | Reached skill level 7 in Ranged Weapons
  1336 | D:2      | 1336 ||| FLEEEEING.
  1811 | D:2      | 1811 ||| UPGRADING to +0 scale mail.
  1821 | D:2      | 1821 ||| DROPPING +0 leather armour.
  1822 | D:2      | 1822 ||| UPGRADING to +0 ring mail.
  1832 | D:2      | 1832 ||| DROPPING +0 scale mail.
  1854 | D:3      | Noticed Robin
  1865 | D:3      | HP: 3/20 [hobgoblin[Robin] (5)]
  1870 | D:3      | HP: 3/20 [goblin/+0 dagger[Robin] (1)]
  1870 | D:3      | Slain by Robin

Levels and vault maps discovered:
D:1:      dpeg_arrival_caged_fury, layout_basic
D:2:      layout_basic, feat_on_display
D:3:      layout_loops_ring, tso_metal_star, mainiacjoe_overflow_boulevard,
          chequers_temple_overflow_minitemple, serial_shops, shop, shop,
          hellmonk_ecumenical_altar_leap_of_faith, nicolae_shop_vocational,
          uniq_robin, uniq_terence

Skill      XL: |  1  2  3 |
---------------+----------+-----
Ranged Weapons | 6 7 |  7.3
Fighting       | |  1.5
Dodging        | |  2.4
Stealth        | |  1.2

Action                     || total
---------------------------++-------
   Fire: Shortbow          ||   116
    Use: Scroll            ||     1
 Armour: Leather armour    ||    12
         Ring mail         ||     8
  Dodge: Dodged            ||    35

Table legend:
 A = Non-vault XP
 B = Vault XP
 C = Vault XP percentage of total XP
 D = Non-vault monster count
 E = Vault monster count
 F = Vault count percentage of total count
                 A         B        C        D         E       F
            +---------+---------+-------+---------+---------+-------
      Total |      81 |       8 |   9.0 |      38 |       4 |   9.5
            +---------+---------+-------+---------+---------+-------
        D:1 |      39 |       0 |   0.0 |      22 |       0 |   0.0
        D:2 |      41 |       0 |   0.0 |      15 |       0 |   0.0
        D:3 |       1 |       8 |  88.9 |       1 |       4 |  80.0
            +---------+---------+-------+---------+---------+-------
